cohdb
Replays
Latest Replays
All Replays
Popular Replays
Top Player Replays
Match Explorer
How It Works
Community
CoH3 Stats
Reddit
Sign in to upload your games and track your stats! →
Sign in with Steam
Match 29241866
Unlisted
Match 29241866
Overview
Messages
Build Orders
End
Selects Italian Combined Arms Battlegroup
Selects Bersaglieri Squad
Bersaglieri Squad
Kradschützen Motorcycle Team
Bersaglieri Squad
Construct Light Support Kompanie
Bersaglieri Squad
Fire Support Elements
Flakvierling Half-track
Selects Bersaglieri Bolster
Panzerjäger Mechanized Group
Vehicle Survival Package
Selects Breda Model 30 Light Machine Guns
Construct Panzerarmee Kommand
Panzer III L Medium Tank
Emergency Repair Kits
Panzer III L Medium Tank
Selects Semovente da 75/18 Assault Gun
Panzer III L Medium Tank
Selects Strafing Run
Selects Artillery Cover
Panzer III L Medium Tank
Rapid Advance
Panzer III L Medium Tank
Advanced Optics
Strafing Run
Panzer III L Medium Tank
Tungsten Core Ammunition
^3
MasterStef
0
0
Comments
sign in to comment!
No comments posted yet!